 Dungeon Crawl Stone Soup version 0.28.0-1-gb440e238dd (webtiles) character file.

Game seed: 12422028615218845978

4225 issech the Cleaver (level 10, -2/86 HPs)
             Began as a Troll Monk on Feb 20, 2022.
             Was a Priest of Hepliaklqana.
             Slain by a killer bee (4 damage)
             ... on level 9 of the Dungeon.
             The game lasted 00:34:31 (8366 turns).

issech the Cleaver (Troll Monk)                     Turns: 8366, Time: 00:34:31

Health: -2/86      AC:  7    Str: 21    XL:     10   Next: 9%
Magic:  9/9        EV: 10    Int: 13    God:    Hepliaklqana [***...]
Gold:   432        SH:  7    Dex: 16    Spells: 9/9 levels left

rFire   + . .      SeeInvis .   o - +8 war axe of Uskayaw's Fury {pain, *Noise rF+ Int+7 Stlth+}
rCold   . . .      Faith    .   Q - +0 kite shield
rNeg    . . .      Spirit   .   b - +0 robe
rPois   .          Reflect  .   M - +2 hat
rElec   .          Harm     .   X - +0 cloak
rCorr   .          Rampage  .   (gloves unavailable)
Will    .....                   (boots unavailable)
Stlth   ++++......              (no amulet)
HPRegen 1.04/turn               (no ring)
MPRegen 0.11/turn               (no ring)

@: studying Air Magic
A: reduced essence, large, unfitting armour, claws 3, regeneration 1, shaggy fur
1, tough skin 1
a: Renounce Religion, Recall Ancestor, Ancestor Identity, Transference


You were on level 9 of the Dungeon.
You worshipped Hepliaklqana.
Hepliaklqana was most pleased with you.
You visited 2 branches of the dungeon, and saw 11 of its levels.

You collected 575 gold pieces.
You spent 143 gold pieces at shops.

Inventory:

Hand Weapons
 o - the +8 war axe of Uskayaw's Fury (weapon) {pain, *Noise rF+ Int+7 Stlth+}
   (You took it off a hobgoblin on level 2 of the Dungeon)

   In the hands of one skilled in necromantic magic, it inflicts extra damage on
   living creatures.
   Int:       It affects your intelligence (+7).
   rF:        It protects you from fire.
   *Noise:    It may make noises in combat.
   Stlth:     It makes you more stealthy.
 p - a +2 whip of flaming
 t - a +0 giant spiked club
 v - a +3 shortbow
 O - a +4 vorpal spear
 R - a +1 whip of venom
 V - a +2 vorpal flail
 W - a +4 morningstar
Missiles
 c - 413 stones (quivered)
 k - 44 sling bullets
 m - 51 bolts
 n - 18 poisoned darts
 r - a throwing net
 y - 148 arrows
 C - 3 boomerangs
Armour
 b - a +0 robe (worn)
 M - a +2 hat (worn)
 Q - a +0 kite shield (worn)
 X - a +0 cloak (worn)
Magical Staves
 K - a staff of cold
Jewellery
 l - an amulet of faith
Wands
 z - a wand of charming (8)
 I - a wand of iceblast (10)
 N - a wand of acid (11)
 S - a wand of digging (5)
Scrolls
 a - a scroll of holy word {unknown}
 e - 5 scrolls of blinking
 g - 2 scrolls of fog
 i - 3 scrolls of noise
 q - a scroll of fear {unknown}
 w - 3 scrolls of brand weapon {unknown}
 A - a scroll of silence {unknown}
 D - 2 scrolls of immolation
 F - 5 scrolls of teleportation
 G - a scroll of enchant weapon {unknown}
 J - a scroll of torment {unknown}
 P - 2 scrolls of magic mapping
 Z - a scroll of vulnerability {unknown}
Potions
 d - a potion of ambrosia {unknown}
 f - 3 potions of might {unknown}
 h - 2 potions of lignification {unknown}
 j - 2 potions of curing
 s - a potion of degeneration {unknown}
 u - a potion of mutation {unknown}
 x - a potion of flight {unknown}
 E - 2 potions of heal wounds {unknown}
 Y - a potion of attraction {unknown}


   Skills:
 + Level 5.4 Fighting
 + Level 8.3(8.8) Axes
 + Level 4.5(7.4) Maces & Flails
 + Level 5.2 Dodging
 + Level 3.6 Stealth
 + Level 1.2 Shields


You had 9 spell levels left.
You didn't know any spells.
Your spell library contained the following spells:

 Spells                   Type           Power      Damage    Failure   Level
 Dazzling Flash           Conj/Hex       0%         N/A       93%         3
 Animate Dead             Necr           0%         N/A       100%        4
 Agony                    Necr           0%         N/A       100%        5
 Borgnjor's Vile Clutch   Necr/Erth      0%         N/A       100%        5
 Silence                  Hex/Air        0%         N/A       100%        5
 Death Channel            Necr           0%         N/A       100%        6


Dungeon Overview and Level Annotations

Branches:
Dungeon (10/15)            Temple (1/1) D:7
   Lair: D:8-11         Orc: D:9-12

Altars:
Ashenzari
Cheibriados
Dithmenos
Elyvilon
Fedhas
Gozag
Hepliaklqana
Kikubaaqudgha
Makhleb
Nemelex Xobeh
Okawaru
Qazlal
Sif Muna
Trog
Uskayaw
Vehumet
Wu Jian
Xom
Yredelemnul
Zin
The Shining One

Shops:
D:3 *   D:7 [   D:8 (


Innate Abilities, Weirdness & Mutations

Your life essence is reduced to manifest your ancestor. (-10% HP)
You are too large for most types of armour.
You have claws for hands.
Your natural rate of healing is unusually fast.
You are covered in fur. (AC +1)
You have tough skin. (AC +1)


Message History

The killer bee poisons you!
The killer bee stings you but does no damage.
There is an open door here.
You feel sick.
You feel sick. The killer bee stings you!
* * * LOW HITPOINT WARNING * * *
The killer bee stings you.
* * * LOW HITPOINT WARNING * * *
You feel sick. The killer bee stings you.
* * * LOW HITPOINT WARNING * * *
You block the killer bee's attack. x2
You feel sick. You block the killer bee's attack. x2
The killer bee stings you but does no damage.
There is a stone staircase leading up here.
You feel sick. You block the killer bee's attack. The killer bee stings you.
* * * LOW HITPOINT WARNING * * *
The killer bee closely misses you. You block the killer bee's attack.
The killer bee closely misses you. You block the killer bee's attack.
You climb upwards.
You feel sick.
There is a stone staircase leading down here.
You feel sick.
The killer bee stings you but does no damage.
The killer bee barely misses you. The killer bee stings you!
* * * LOW HITPOINT WARNING * * *
You block the killer bee's attack. The killer bee completely misses you.
* * * LOW HITPOINT WARNING * * *
You feel sick.
You are no longer poisoned.
The killer bee closely misses you.
You slash the killer bee!
You kill the killer bee!
You slash the killer bee! The killer bee stings you.
* * * LOW HITPOINT WARNING * * *
The killer bee barely misses you. You block the killer bee's attack.
You slash the killer bee!
The killer bee is heavily wounded.
You slash the killer bee!
You kill the killer bee!
The killer bee stings you.
You die...

#...######.## ###.
#......##...###...
#...#..#.....##...
#..##.............
#########..###.###.####...
#....^.........# #.# #...
#.#####.#......# #.# ####
#.# ###.#..##.####'## #.#
#....@.##.###...##
#.###.#.#y###.##.....##
#........>....#.......##
#####.#...####.........###
#........'.........'..
#.#...####.........###
#.##.## ##.......## #.####
##.....## #.# ##...##


You could see a killer bee.

Vanquished Creatures
  Pikel (D:7)
  A wyvern (D:8)
  A water moccasin (D:6)
  4 black bears
  A sky beast (D:8)
  A necrophage (D:5)
  3 ogres
  2 centaurs
  A gnoll sergeant (D:8)
  5 scorpions
  A water moccasin zombie (D:6)
  4 killer bees
  A centaur zombie (D:7)
  A hound (D:7)
  2 jellies
  3 orc priests
  An iron imp (D:5)
  An iguana (D:4)
  Ijyb (D:4)
  An orc wizard (D:4)
  A hound zombie (D:5)
  3 hound skeletons
  A howler monkey zombie (D:7)
  6 gnolls (D:8)
  2 howler monkey skeletons
  8 adders
  A shadow imp (D:6)
  A white imp (D:8)
  An adder skeleton (D:4)
  4 worms
  3 dart slugs
  9 orcs
  6 ball pythons
  7 endoplasms
  2 giant cockroaches
  7 goblins
  10 hobgoblins
  6 jackals
  6 quokkas
  4 bats
  2 frilled lizards
  15 kobolds
  2 rats (D:2)
143 creatures vanquished.

Vanquished Creatures (collateral kills)
  Maurice (D:9)
  An unseen horror (D:9)
  An orc warrior (D:9)
  3 lemures (D:7)
  A kobold brigand (D:8)
  A gnoll sergeant (D:8)
  5 wights (D:8)
  4 killer bees
  A centaur zombie (D:8)
  An orc priest (D:7)
  4 orc wizards
  A gnoll (D:8)
  3 orcs
27 creatures vanquished.

Vanquished Creatures (others)
  A battlemage (D:10)
1 creature vanquished.

Grand Total: 171 creatures vanquished

Notes
Turn   | Place    | Note
-------+----------+-------------------------------------------
     0 | D:1      | issech the Troll Monk began the quest for the Orb.
     0 | D:1      | Reached XP level 1. HP: 22/22 MP: 0/0
   144 | D:1      | Reached XP level 2. HP: 25/29 MP: 1/1
   416 | D:1      | Reached XP level 3. HP: 35/36 MP: 2/2
   826 | D:1      | Found a faded altar of an unknown god.
  1065 | D:2      | Reached XP level 4. HP: 35/44 MP: 3/3
  1094 | D:2      | Found a basalt altar of Yredelemnul.
  1641 | D:3      | Identified the +8 war axe of Uskayaw's Fury {pain, *Noise
                  | rF+ Int+7 Stlth+}
  1707 | D:2      | HP: 2/45 [kobold (3)]
  1709 | D:2      | Reached XP level 5. HP: 1/53 MP: 4/4
  1857 | D:3      | Found Taosoigi's Assorted Antiques.
  2018 | D:4      | Noticed an ogre
  2045 | D:4      | Killed an ogre
  2046 | D:4      | Reached skill level 1 in Axes
  2046 | D:4      | Reached XP level 6. HP: 36/61 MP: 5/5
  2259 | D:4      | Noticed Ijyb
  2270 | D:4      | Killed Ijyb
  2355 | D:4      | Found a hide-covered altar of Uskayaw.
  3210 | D:4      | Reached skill level 2 in Axes
  3450 | D:5      | Entered Level 5 of the Dungeon
  3450 | D:5      | Found a radiant altar of Vehumet.
  3533 | D:5      | Found a snail-covered altar of Cheibriados.
  3613 | D:5      | Reached skill level 3 in Axes
  3613 | D:5      | Reached XP level 7. HP: 43/67 MP: 6/6
  3672 | D:5      | Found a blossoming altar of Fedhas.
  3783 | D:5      | Reached skill level 4 in Axes
  3817 | D:5      | You fall into a shaft and drop 1 floor!
  3865 | D:6      | Reached XP level 8. HP: 33/78 MP: 7/7
  3906 | D:6      | Reached skill level 5 in Axes
  4650 | D:5      | Found a bloodstained altar of Trog.
  4650 | D:5      | Found a hazy altar of Hepliaklqana.
  4658 | D:5      | Became a worshipper of Hepliaklqana the Forgotten
  4658 | D:5      | Reached * piety under Hepliaklqana
  4658 | D:5      | Reached ** piety under Hepliaklqana
  4659 | D:5      | Remembered your ancestor Septimus as a battlemage
  5214 | D:7      | Noticed Pikel
  5227 | D:7      | Killed Pikel
  5228 | D:7      | Reached skill level 6 in Axes
  5228 | D:7      | Reached XP level 9. HP: 43/76 MP: 8/8
  5257 | D:7      | Found a white marble altar of Elyvilon.
  5338 | D:7      | Found a stormy altar of Qazlal.
  5403 | D:7      | Found a staircase to the Ecumenical Temple.
  5422 | Temple   | Entered the Ecumenical Temple
  6061 | D:7      | Found Epnatixt's Armour Boutique.
  6322 | D:8      | Found Caasav's Antique Weapon Emporium.
  6331 | D:8      | Identified the +5 ring mail of Beogh's Righteous Fury
                  | {*Slow Will- Regen+ rCorr}
  6407 | D:8      | Reached skill level 7 in Axes
  6474 | D:8      | Reached *** piety under Hepliaklqana
  6813 | D:8      | Reached skill level 5 in Fighting
  7045 | D:8      | Reached skill level 5 in Dodging
  7119 | D:8      | Bought a runed flail for 143 gold pieces
  7372 | D:9      | Noticed Maurice
  7376 | D:9      | Killed Maurice
  7377 | D:9      | Reached skill level 8 in Axes
  7806 | D:9      | Killed an unseen horror
  7807 | D:9      | Reached skill level 1 in Shields
  7807 | D:9      | Reached XP level 10. HP: 80/86 MP: 9/9
  7918 | D:9      | Found a glowing silver altar of Zin.
  8128 | D:9      | Reached **** piety under Hepliaklqana
  8323 | D:10     | Entered Level 10 of the Dungeon
  8363 | D:9      | HP: 1/86 [killer bee (7)]
  8366 | D:9      | Slain by a killer bee

Illustrated notes

Levels and vault maps discovered:
D:1:      kennysheep_arrival_forest, layout_loops_ring,
          shapermc_ecumenical_altar_hornbeckon
D:2:      layout_basic, basic_altar
D:3:      layout_rooms, serial_shops, shop, minmay_misc_feat_roman
D:4:      layout_basic, mainiacjoe_overflow_brackets, interstate_on_off,
          minmay_manual_moon, uniq_ijyb
D:5:      layout_cave_pods, slow_altar_1, grunt_temple_overflow_open,
          amethyst_overflow_temple_binary, serial_bayou_lagoon_b
D:6:      layout_loops_ring, minmay_misc_feat_enclosed, minivault_22
D:7:      layout_loops_ring, nicolae_qazlal_general_emergency, elyvilon_altar_3,
          minmay_temple_entry_grid, serial_shops, shop_fountains,
          kennysheep_generic_room_4, uniq_pikel
D:8:      layout_gridville, serial_shops, nicolae_diamond_shop,
          chequers_decorated_corner, amcnicky_mini_corridor_feature,
          grunt_ogre_cave
D:9:      layout_loops_corners, zin_treasury, uniq_maurice
D:10:     layout_irregular_city, mainiacjoe_overflow_boulevard,
          david_lair_shrubbed, serial_shops, shop_statue,
          kennysheep_small_circle
Temple:   minmay_temple_forest_path

Skill      XL: |  1  2  3  4  5  6  7  8  9 |
---------------+----------------------------+-----
Maces & Flails | 3 4 |  4.5
Dodging        | 3 4 5 |  5.2
Fighting       | 3 4 5 |  5.4
Axes           | 1 3 4 6 8 |  8.3
Stealth        | 2 3 |  3.6
Shields        | 1 |  1.2

Action                   |  1- 3 |  4- 6 |  7- 9 | 10-12 || total
-------------------------+-------+-------+-------+-------++-------
Melee: Mace              |   130 |    69 |       |       ||   199
       Punch             |     1 |     3 |     2 |       ||     6
       War axe           |       |    70 |   127 |    11 ||   208
Invok: Ancestor Life: Ba |       |       |     1 |       ||     1
  Use: Scroll            |       |       |     6 |       ||     6
 Stab: Distracted        |     1 |       |     1 |       ||     2
       Sleeping          |       |     4 |     5 |     1 ||    10
Armor: Robe              |    72 |    55 |    42 |    13 ||   182
Dodge: Dodged            |   104 |    94 |    84 |    16 ||   298
Block: Kite shield       |       |       |    21 |    16 ||    37
